 Dungeon Crawl Stone Soup version 0.27.0-1-g7a089689b8 (webtiles) character file.

Game seed: 9295512583958737025

35 Gwenloh the Grasshopper (level 3, 0/18 HPs)
             Began as a Spriggan Warper on Aug 1, 2021.
             Slain by a killer bee (8 damage)
             ... on level 3 of the Dungeon.
             The game lasted 00:09:15 (3193 turns).

Gwenloh the Grasshopper (Spriggan Warper)           Turns: 3193, Time: 00:09:16

Health: 0/18       AC:  2    Str:  7    XL:     3   Next: 17%
Magic:  17/17      EV: 18    Int: 14    God:
Gold:   116        SH:  0    Dex: 15    Spells: 6/8 levels left

rFire    . . .     SeeInvis +   n - +0 dagger
rCold    . . .     Faith    .   (shield restricted)
rNeg     . . .     Spirit   .   b - +0 robe
rPois    .         Reflect  .   (helmet restricted)
rElec    .         Harm     .   (no cloak)
rCorr    .         Rampage  .   (gloves unavailable)
Will     .....                  (boots unavailable)
Stlth    ++........             (no amulet)
HPRegen  0.06/turn              q - ring of magical power
MPRegen  0.15/turn              (no ring)

@: very quick
A: very small, no large weapons, unfitting armour, see invisible, speed 3
a: no special abilities


You were on level 3 of the Dungeon.
You visited 1 branch of the dungeon, and saw 3 of its levels.

You collected 116 gold pieces.

Inventory:

Hand Weapons
 a - a +0 short sword
 n - a +0 dagger (weapon)
Missiles
 d - 5 boomerangs of dispersal
 f - 51 stones
 o - 4 boomerangs
Armour
 b - a +0 robe (worn)
Jewellery
 l - a ring of fire
 q - a ring of magical power (left hand)
Wands
 p - a wand of polymorph (8) (quivered)
Scrolls
 c - 2 scrolls of blinking
 e - 3 scrolls of enchant weapon {unknown}
 g - 2 scrolls of identify {unknown}
 i - a scroll of magic mapping {unknown}
 j - a scroll of amnesia {unknown}
 k - a scroll of noise {unknown}
Potions
 h - 2 potions of ambrosia {unknown}


   Skills:
 + Level 1.8 Fighting
 * Level 2.7 Short Blades
 - Level 1.0 Throwing
 + Level 3.5 Dodging
 * Level 2.2 Stealth
 + Level 3.0 Spellcasting
 + Level 4.6 Translocations


You had 6 spell levels left.
You knew the following spells:

 Your Spells              Type           Power      Damage    Failure   Level
a - Blink                 Tloc           N/A        N/A       4%          2

Your spell library contained the following spells:

 Spells                   Type           Power      Damage    Failure   Level
 Apportation              Tloc           30%        N/A       3%          1
 Gell's Gravitas          Tloc           7%         N/A       10%         3
 Lesser Beckoning         Tloc           7%         N/A       10%         3
 Teleport Other           Tloc           15%        N/A       10%         3
 Animate Skeleton         Necr           4%         N/A       22%         1
 Corona                   Hex            2%         N/A       22%         1
 Summon Small Mammal      Summ           8%         N/A       22%         1
 Manifold Assault         Tloc           15%        N/A       65%         5


Dungeon Overview and Level Annotations

Branches:
Dungeon (3/15)

Altars:
Fedhas
Zin


Innate Abilities, Weirdness & Mutations

You are very small and have problems with some larger weapons.
You are too small for most types of armour.
You have supernaturally acute eyesight. (SInv)
You cover ground extremely quickly. (Speed+++)


Message History

Throw: throwing net
Press: ? - help, Q - select action, (/) - cycle Shift-Dir - straight line, f/p - adder
Aim: an adder (lightly wounded, 38% to hit)
You throw a throwing net. The throwing net hits the adder.
The adder is caught in the net!
The adder is lightly wounded.
The adder struggles against the net. x2
You hit the adder.
The adder is moderately wounded.
The adder struggles against the net.
The net rips apart, and the adder comes free!
You closely miss the adder.
The adder is moderately wounded.
The adder misses you.
You hit the adder but do no damage.
The adder is moderately wounded.
The adder misses you.
You hit the adder.
The adder is heavily wounded.
The adder misses you.
You hit the adder.
The adder is severely wounded.
The adder closely misses you. The adder bites you.
You are poisoned.
The adder poisons you!
You miss the adder.
The adder is severely wounded.
You feel sick. The adder completely misses you.
You feel sick.
You feel sick.
You feel sick.
You feel sick.
Aiming: Polymorph
Press: ? - help, Q - select action, (/) - cycle Shift-Dir - straight line, f/p - adder
Aim: an adder (severely wounded, will become a jelly, a killer bee, or a river rat, chance to affect: 54%)
The adder evaporates and reforms as a killer bee!
You feel sick.
You are no longer poisoned.
The killer bee stings you!
You die...

##############.#.#######
#....................... ...
#.########.###.#.#.....####.#
#.........#.....<.........#.#
#..####.#...#.##...###.##.#.#
#..# #...#............##.#.#
...####.#...#......######.#.#
..###.....#..####..# #.#.#####
...............#@y.######.#......
.>..........................#####
.####........#.###.######........
.# #........#.#...# ###.##### ##
########.#.#.### #........
#.#...# #.#.##### #.##### #.#(.#
#.# #.##.## #.# #. #..#


You could see a killer bee.

Vanquished Creatures
  A dart slug (D:3)
  4 bats
  2 endoplasms (D:2)
  A giant cockroach (D:1)
  2 goblins (D:1)
  3 hobgoblins
  3 jackals (D:1)
  5 kobolds
  4 ball pythons (D:2)
  A frilled lizard (D:2)
  5 rats (D:1)
31 creatures vanquished.

Notes
Turn   | Place    | Note
-------+----------+-------------------------------------------
     0 | D:1      | Gwenloh the Spriggan Warper began the quest for the Orb.
     0 | D:1      | Reached XP level 1. HP: 10/10 MP: 5/5
   192 | D:1      | Reached skill level 1 in Stealth
   531 | D:1      | Reached XP level 2. HP: 15/15 MP: 6/6
  1160 | D:1      | Found a glowing silver altar of Zin.
  1320 | D:2      | Learned a level 2 spell: Blink
  1774 | D:2      | Reached XP level 3. HP: 17/18 MP: 8/8
  3158 | D:3      | Found a blossoming altar of Fedhas.
  3188 | D:3      | Noticed a killer bee
  3188 | D:3      | an adder changed into a killer bee
  3193 | D:3      | Slain by a killer bee

Illustrated notes

Levels and vault maps discovered:
D:1:      dpeg_arrival_lava_altar, layout_loops_ring
D:2:      layout_basic, minmay_splitting_lines, minmay_tiny_reverse_x
D:3:      layout_basic, mainiacjoe_overflow_alcove_4,
          hellmonk_ecumenical_altar_crossroads, hex_tiny,
          minmay_misc_feat_enclosed, kennysheep_donut, uniq_ijyb

Skill      XL: |  1  2  3 |
---------------+----------+-----
Stealth        | 1 2 |  2.2
Spellcasting   | 3 |  3.0
Fighting       | |  1.8
Short Blades   | |  2.7
Throwing       | |  1.0
Dodging        | |  3.5
Translocations | |  4.6

Action                   || total
-------------------------++-------
Melee: Short sword       ||   129
       Dagger            ||     8
Throw: Stone             ||    36
       Throwing net      ||     2
Evoke: Wand              ||     1
 Stab: Sleeping          ||     3
Armor: Robe              ||    13
Dodge: Dodged            ||   115
